 Dungeon Crawl Stone Soup version 0.28.0-45-g0d030f2227 (webtiles) character file.

Game seed: 3701654214053695336

1303 NinjaNoafa the Digger (level 8, -5/44 HPs)
             Began as a Gargoyle Earth Elementalist on Apr 14, 2022.
             Was a Follower of Sif Muna.
             Shot with an arrow by a centaur (10 damage)
             ... on level 6 of the Dungeon.
             The game lasted 00:15:55 (6338 turns).

NinjaNoafa the Digger (Gargoyle Earth Elementalist) Turns: 6338, Time: 00:15:55

Health: -5/44      AC:  8    Str: 11    XL:     8   Next: 57%
Magic:  9/12       EV: 12    Int: 19    God:    Sif Muna [*.....]
Gold:   378        SH:  0    Dex: 10    Spells: 9/15 levels left

rFire   + + .      SeeInvis .   a - +1 club (spect)
rCold   + . .      Faith    .   (no shield)
rNeg    + . .      Spirit   .   b - +0 robe
rPois   ∞          Reflect  .   r - +0 helmet
rElec   +          Harm     .   (no cloak)
rCorr   +          Rampage  .   (no gloves)
Will    .....                   (no boots)
Stlth   ++........              (no amulet)
HPRegen 0.14/turn               i - ring of protection from fire
MPRegen 0.13/turn               (no ring)

@: about to teleport, resistant
A: sickness immunity, AC +5, negative energy resistance 1, electricity
resistance, torment resistance 1, petrification resistance, low MP 1
a: Renounce Religion, Channel Magic


You were on level 6 of the Dungeon.
You worshipped Sif Muna.
Sif Muna was aware of your devotion.
You visited 1 branch of the dungeon, and saw 6 of its levels.

You collected 378 gold pieces.

Inventory:

Hand Weapons
 a - a +1 spectral club (weapon)
 e - a +0 short sword
 f - a +0 hunting sling
Missiles
 c - 15 stones
 g - 2 throwing nets
 j - 4 poisoned darts (quivered)
 l - 2 boomerangs
 s - 5 javelins
 x - 3 atropa-tipped darts
Armour
 b - a +0 robe (worn)
 d - a +0 animal skin
 k - a +0 helmet
 r - a +0 helmet (worn)
Jewellery
 i - a ring of protection from fire (left hand)
Wands
 h - a wand of iceblast (7)
 v - a wand of flame (11)
 z - a wand of acid (11)
Scrolls
 m - a scroll of fear
 o - a scroll of amnesia
 q - a scroll of teleportation
 y - a scroll of identify
Potions
 n - 2 potions of flight
 t - a potion of might
 u - a potion of heal wounds {unknown}
 w - a potion of brilliance {unknown}


   Skills:
 - Level 2.0 Fighting
 - Level 2.0 Maces & Flails
 - Level 3.0 Dodging
 - Level 3.0 Stealth
 + Level 4.1 Spellcasting
 + Level 4.0 Conjurations
 * Level 0.4 Translocations
 + Level 3.3 Transmutations
 + Level 6.5 Earth Magic
 * Level 3.1 Invocations


You had 9 spell levels left.
You knew the following spells:

 Your Spells              Type           Power      Damage    Failure   Level
a - Sandblast             Erth           56%        2d13      1%          1
b - Passwall              Tmut/Erth      18%        N/A       2%          2
c - Stone Arrow           Conj/Erth      46%        3d9       4%          3

Your spell library contained the following spells:

 Spells                   Type           Power      Damage    Failure   Level
 Petrify                  Tmut/Erth      22%        N/A       19%         4
 Gell's Gravitas          Tloc           5%         N/A       34%         3
 Lesser Beckoning         Tloc           5%         N/A       34%         3
 Teleport Other           Tloc           5%         N/A       34%         3
 Summon Forest            Summ/Tloc      2%         N/A       98%         5
 Summon Mana Viper        Hex/Summ       3%         N/A       98%         5
 Summon Cactus Giant      Summ           1%         N/A       100%        6


Dungeon Overview and Level Annotations

Branches:
Dungeon (6/15)
 Temple: D:4-7

Altars:
Sif Muna
Trog
Zin

Shops:
D:4 =


Innate Abilities, Weirdness & Mutations

You are immune to sickness and miasma.
Your stone body is resilient. (AC +5)
You are immune to poison.
You resist negative energy. (rN+)
You are resistant to electric shocks. (rElec)
You are resistant to unholy torment.
You are immune to petrification.
Your magical capacity is low. (-10% MP)


Message History

Sif Muna accepts your kill.
HP restored.
Found a stone staircase leading up.
Found a stone staircase leading down.
You now have 364 gold pieces (gained 17).
You now have 378 gold pieces (gained 14).
A centaur comes into view.
Okay, then.
The centaur shouts!
The centaur wields a +0 shortbow.
The centaur shoots an arrow.
The arrow closely misses you.
The centaur shoots an arrow.
The arrow closely misses you.
Casting: Stone Arrow (dangerous; 4% risk of failure)
Confirm with . or Enter, or press ? or * to list all spells.
You can't see any susceptible monsters within range! (Use Z to cast anyway.) Throw: 5 darts (poison)
Press: ? - help, Q - select action, (/) - cycle Shift-Dir - straight line, f - centaur
Aim: a centaur, wielding a +0 shortbow and quivering arrows (68% to hit)
You throw a poisoned dart. The poisoned dart hits the centaur.
The centaur is poisoned.
The centaur shoots an arrow.
The arrow hits you!
The centaur shoots an arrow.
The arrow hits you.
The centaur shoots an arrow.
The arrow hits you.
Casting: Stone Arrow (dangerous; 4% risk of failure)
Confirm with . or Enter, or press ? or * to list all spells.
Aiming: Stone Arrow (dangerous; 4% risk of failure)
Press: ? - help, Shift-Dir - straight line, f/p - centaur
Aim: a centaur, wielding a +0 shortbow and quivering arrows (lightly wounded, poisoned, 83% to hit)
The stone arrow misses the centaur.
The centaur shoots an arrow.
The arrow hits you!
It was a potion of resistance.
You feel protected.
The centaur shoots an arrow.
The arrow hits you.
* * * LOW HITPOINT WARNING * * *
The centaur shoots an arrow.
The arrow hits you!
* * * LOW HITPOINT WARNING * * *
Okay, then.
As you read the scroll of teleportation, it crumbles to dust.
You feel strangely unstable.
The centaur shoots an arrow.
The arrow hits you!
You die...

##############
#.....@...c...
#.############
#.#......#
#....###.#
###..# #.#
#..# #.# #..#
#.# #..# #.#
##### #..# #.#


You could see a centaur (poisoned).

Vanquished Creatures
  The ghost of zeratav the Insei, an amateur OpTm (D:4)
  A water moccasin (D:5)
  A black bear (D:4)
  3 ogres
  A phantom (D:4)
  A scorpion (D:4)
  A wyvern zombie (D:5)
  A howler monkey (D:5)
  A jelly (D:5)
  A hound (D:5)
  2 gnoll shamans
  Natasha (thrice) (D:2)
  An orc wizard (D:4)
  A killer bee zombie (D:6)
  Robin (D:2)
  7 gnolls
  4 adders
  A howler monkey skeleton (D:5)
  An ufetubus (D:6)
  An adder skeleton (D:4)
  2 dart slugs
  11 orcs
  6 ball pythons
  7 endoplasms
  5 giant cockroaches
  11 hobgoblins
  3 jackals (D:1)
  2 quokkas
  7 bats
  3 frilled lizards
  20 goblins
  A jackal skeleton (D:4)
  11 kobolds
  A rat (D:1)
124 creatures vanquished.

Notes
Turn   | Place    | Note
-------+----------+-------------------------------------------
     0 | D:1      | NinjaNoafa the Gargoyle Earth Elementalist began the quest
                  | for the Orb.
     0 | D:1      | Reached XP level 1. HP: 10/10 MP: 3/3
   404 | D:1      | Reached skill level 1 in Transmutations
   404 | D:1      | Reached XP level 2. HP: 9/15 MP: 1/5
   925 | D:1      | Reached XP level 3. HP: 19/19 MP: 3/6
   982 | D:1      | Reached skill level 4 in Earth Magic
  1432 | D:2      | Found a faded altar of an unknown god.
  1547 | D:2      | Noticed Natasha
  1549 | D:2      | Killed Natasha
  1550 | D:2      | Reached XP level 4. HP: 24/24 MP: 4/7
  1631 | D:2      | Noticed Natasha
  1632 | D:2      | Noticed Robin
  1638 | D:2      | HP: 1/24 [Natasha (2)]
  1911 | D:2      | Killed Natasha
  1928 | D:2      | Killed Robin
  1929 | D:2      | Reached XP level 5. HP: 26/28 MP: 2/9
  2056 | D:2      | Noticed Natasha
  2063 | D:2      | Killed Natasha
  2110 | D:2      | Found a shimmering blue altar of Sif Muna.
  2115 | D:2      | Became a worshipper of Sif Muna the Loreminder
  2595 | D:3      | Learned a level 2 spell: Passwall
  2887 | D:3      | Found a bloodstained altar of Trog.
  3201 | D:4      | Reached skill level 1 in Fighting
  3253 | D:4      | Reached skill level 1 in Maces & Flails
  3253 | D:4      | Reached XP level 6. HP: 30/34 MP: 5/10
  3316 | D:4      | Found Norai's Jewellery Emporium.
  3751 | D:4      | Reached skill level 1 in Conjurations
  3756 | D:4      | Reached * piety under Sif Muna
  4333 | D:4      | Reached skill level 5 in Earth Magic
  4333 | D:4      | Reached XP level 7. HP: 40/40 MP: 9/11
  4636 | D:4      | Found a runed translucent door.
  4637 | D:4      | Noticed zeratav's ghost (amateur OpTm)
  4647 | D:4      | Killed zeratav's ghost
  4648 | D:4      | Reached skill level 1 in Invocations
  4820 | D:5      | Entered Level 5 of the Dungeon
  4838 | D:5      | Reached skill level 6 in Earth Magic
  4985 | D:5      | Reached XP level 8. HP: 36/44 MP: 7/13
  5313 | D:5      | Learned a level 3 spell: Stone Arrow
  5899 | D:6      | Found a glowing silver altar of Zin.
  5951 | D:6      | Gained mutation: You have hidden genetic defects. [potion
                  | of mutation]
  5951 | D:6      | Gained mutation: You possess an exceptional clarity of
                  | mind. [potion of mutation]
  5951 | D:6      | Gained mutation: You are partially covered in iridescent
                  | scales. (AC +2) [potion of mutation]
  5952 | D:6      | Lost mutation: You possess an exceptional clarity of mind.
                  | [potion of mutation]
  5952 | D:6      | Lost mutation: You have hidden genetic defects. [potion of
                  | mutation]
  5952 | D:6      | Lost mutation: You are partially covered in iridescent
                  | scales. (AC +2) [potion of mutation]
  5952 | D:6      | Gained mutation: Your magical capacity is low. (-10% MP)
                  | [potion of mutation]
  6338 | D:6      | Shot with an arrow by a centaur

Illustrated notes

Levels and vault maps discovered:
D:1:      lightli_arrival_maybe_door_vault, layout_loops_ring
D:2:      layout_loops_ring, basic_altar, shapermc_ecumenical_altar_notcrosses,
          uniq_robin, uniq_natasha
D:3:      layout_loops_ring, trog_hazing_becter, serial_bayou_pond_c,
          grunt_decor_junction
D:4:      layout_cave_pools, ebering_ghost_reflecting_pool, serial_shops,
          nicolae_shop_waterfront, kennysheep_windowed_goal
D:5:      layout_loops_ring, kennysheep_generic_room_8
D:6:      layout_basic, amcnicky_altar_gilded, roderic_roman_lattice

Skill      XL: |  1  2  3  4  5  6  7  8 |
---------------+-------------------------+-----
Transmutations | 1 2 3 |  3.3
Earth Magic    | 4 5 6 |  6.5
Dodging        | 2 3 |  3.0
Stealth        | 3 |  3.0
Fighting       | 1 2 |  2.0
Maces & Flails | 1 2 |  2.0
Spellcasting   | 3 4 |  4.1
Conjurations   | 1 2 4 |  4.0
Invocations    | 1 3 |  3.1
Translocations | |  0.4

Action                   |  1- 3 |  4- 6 |  7- 9 || total
-------------------------+-------+-------+-------++-------
Melee: Unarmed           |    16 |     4 |       ||    20
       Short sword       |       |     6 |       ||     6
       Club              |       |    18 |    23 ||    41
       Punch             |       |       |     2 ||     2
Throw: Dart              |       |     3 |     7 ||    10
 Cast: Sandblast         |    46 |    83 |    45 ||   174
       Passwall          |       |       |     1 ||     1
       Stone Arrow       |       |       |    12 ||    12
  Use: Scroll            |       |    10 |     5 ||    15
       Potion            |       |     4 |     3 ||     7
Armor: Robe              |     6 |    34 |    22 ||    62
Dodge: Dodged            |    18 |    57 |    33 ||   108
